 Dungeon Crawl Stone Soup version 0.24.0-1-gfbc8707 (webtiles) character file.

Game seed: 10920793331066438330, levelgen mode: deterministic

2907 Buxparty the Chopper (level 9, -12/68 HPs)
             Began as a Mummy Fighter on Jan 7, 2020.
             Was an Initiate of Gozag.
             Mangled by a two-headed ogre
             ... wielding a +0 giant spiked club
              (25 damage)
             ... on level 8 of the Dungeon.
             The game lasted 00:19:30 (6930 turns).

Buxparty the Chopper (Mummy Fighter)                Turns: 6930, Time: 00:19:31

Health: -12/68     AC: 14    Str: 26    XL:     9   Next: 49%
Magic:  9/9        EV:  6    Int:  7    God:    Gozag
Gold:   487        SH: 11    Dex: 12    Spells: 8/8 levels left

rFire    . . .     SeeInvis .   a - +0 war axe
rCold    + . .     Gourm    .   c - +0 shield
rNeg     + + +     Faith    .   i - +3 chain mail "Telatzum" {Str+2}
rPois    ∞         Spirit   .   (no helmet)
rElec    .         Reflect  .   l - +0 cloak
rCorr    .         Harm     .   (no gloves)
MR       +....                  (no boots)
Stlth    ..........             j - amulet of regeneration
HPRegen  0.61/turn              r - +2 ring of strength
MPRegen  0.11/turn              m - ring of protection from fire

@: no status effects
A: no food or potions, fire vulnerability, cold resistance 1, negative energy
resistance 3, torment resistance, unbreathing
a: Potion Petition, Call Merchant, Bribe Branch, Renounce Religion


You were on level 8 of the Dungeon.
You worshipped Gozag.
Gozag was aware of your devotion.
You were not hungry.

You visited 2 branches of the dungeon, and saw 9 of its levels.

You collected 732 gold pieces.
You spent 149 gold pieces at shops.
You paid 96 gold pieces to Gozag.

Inventory:

Hand Weapons
 a - a +0 war axe (weapon)
 v - a cursed -3 hunting sling
Missiles
 t - 3 javelins
 x - 17 poisoned darts (quivered)
 A - 2 curare-tipped darts
Armour
 c - a +0 shield (worn)
 i - the +3 chain mail "Telatzum" (worn) {Str+2}
   (You found it on level 7 of the Dungeon)

   It affects your strength (+2).
 l - a +0 cloak (worn)
 z - a +2 chain mail of cold resistance
Jewellery
 j - an amulet of regeneration (around neck)
 k - a +4 ring of protection {unknown}
 m - a ring of protection from fire (right hand)
 r - a +2 ring of strength (left hand)
 u - an uncursed ring of resist corrosion
Wands
 p - a wand of enslavement (9)
 y - a wand of flame (23)
Scrolls
 b - a scroll of amnesia {unknown}
 d - 6 scrolls of identify
 e - 3 scrolls of immolation {unknown}
 f - 2 scrolls of magic mapping
 g - 7 scrolls of teleportation
 h - 7 scrolls of remove curse
 n - a scroll of enchant armour {unknown}
 o - 2 scrolls of random uselessness {unknown}
 q - 2 scrolls of fear {unknown}
 s - a scroll of summoning {unknown}
 w - a scroll of enchant weapon {unknown}


   Skills:
 + Level 5.5 Fighting
 * Level 7.5 Axes
 + Level 5.7 Armour
 + Level 5.7 Shields


You had 8 spell levels left.
You didn't know any spells.
Your spell library contained the following spells:

 Spells                   Type           Power        Failure   Level  Hunger
 Corona                   Hex            #......      100%        1    N/A
 Slow                     Hex            #.......     100%        2    N/A
 Inner Flame              Hex/Fire       #.......     100%        3    N/A
 Portal Projectile        Hex/Tloc       #.....       100%        3    N/A
 Cause Fear               Hex            #.........   100%        4    N/A
 Leda's Liquefaction      Hex/Erth       #.........   100%        4    N/A

Dungeon Overview and Level Annotations

Branches:
Dungeon (8/15)             Temple (1/1) D:6
   Lair: D:8-11

Altars:
Ashenzari
Cheibriados
Dithmenos
Elyvilon
Fedhas
Gozag
Hepliaklqana
Kikubaaqudgha
Makhleb
Nemelex Xobeh
Okawaru
Qazlal
Ru
Trog
Uskayaw
Vehumet
Wu Jian
Xom
Yredelemnul
The Shining One

Shops:
D:5 ?(


Innate Abilities, Weirdness & Mutations

You do not eat or drink.
Your flesh is vulnerable to fire.
You are immune to poison.
Your flesh is cold resistant. (rC+)
You are immune to negative energy. (rN+++)
You are immune to unholy pain and torment.
You can survive without breathing.


Message History

You hit the two-headed ogre.
The two-headed ogre is severely wounded.
The two-headed ogre hits you with a +0 giant spiked club.
The two-headed ogre hits you with a +0 giant club!
* * * LOW HITPOINT WARNING * * *
Your shield and chain mail "Telatzum" prevent you from hitting the two-headed ogre.
The two-headed ogre is severely wounded.
You block the two-headed ogre's attack.
The two-headed ogre hits you with a +0 giant club!
* * * LOW HITPOINT WARNING * * *
You hit the two-headed ogre.
The two-headed ogre is severely wounded.
The two-headed ogre hits you with a +0 giant spiked club.
* * * LOW HITPOINT WARNING * * *
You block the two-headed ogre's attack.
You hit the two-headed ogre.
The two-headed ogre is severely wounded.
The two-headed ogre hits you with a +0 giant spiked club!!
You die...
Your body crumbles into a pile of gold.

#########
........#
........#
........#
........#
........#
.......@#
......O........
$
.....(.####....
....(.. ..
...(... ..(....
.(..... ......#


You could see a two-headed ogre.

Vanquished Creatures
  Grinder (D:5)
  A hungry ghost (D:7)
  A water moccasin (D:7)
  An orc warrior (D:7)
  A black bear (D:6)
  2 phantoms
  2 ice beasts
  4 ogres
  A centaur (D:6)
  A big kobold (D:5)
  A bullfrog (D:7)
  A water moccasin zombie (D:7)
  A wyvern skeleton (D:3)
  2 scorpions
  A water moccasin skeleton (D:7)
  A howler monkey (D:4)
  A crimson imp (D:6)
  A hound (D:6)
  A jelly (D:5)
  An orc priest (D:4)
  2 centaur skeletons
  2 iguanas
  8 orc wizards
  Ijyb (D:3)
  11 worker ants
  A worker ant zombie (D:6)
  A howler monkey zombie (D:5)
  11 adders
  7 gnolls
  2 shadow imps
  An ooze (D:6)
  An adder skeleton (D:5)
  3 worms
  3 dart slugs
  A leopard gecko (D:3)
  30 orcs
  9 bats
  5 giant cockroaches
  3 goblins
  6 hobgoblins
  11 kobolds
  6 quokkas
  A ball python (D:4)
  7 frilled lizards
  A jackal skeleton (D:5)
  A leopard gecko skeleton (D:6)
  2 leopard gecko zombies (D:5)
  4 rats (D:2)
167 creatures vanquished.

Vanquished Creatures (others)
  An orc wizard (D:4)
1 creature vanquished.

Grand Total: 168 creatures vanquished

Notes
Turn   | Place    | Note
-------+----------+-------------------------------------------
     0 | D:1      | Buxparty the Mummy Fighter began the quest for the Orb.
     0 | D:1      | Reached XP level 1. HP: 18/18 MP: 1/1
   114 | D:1      | Reached XP level 2. HP: 23/24 MP: 2/2
   149 | D:1      | Reached skill level 2 in Axes
   449 | D:2      | Reached XP level 3. HP: 7/29 MP: 3/3
  1443 | D:2      | Reached XP level 4. HP: 35/35 MP: 4/4
  1455 | D:2      | Found a glowing golden altar of the Shining One.
  1653 | D:3      | Reached skill level 3 in Axes
  1864 | D:3      | Reached XP level 5. HP: 38/41 MP: 5/5
  1967 | D:3      | Noticed Ijyb
  2006 | D:3      | Killed Ijyb
  2535 | D:4      | Reached XP level 6. HP: 46/47 MP: 6/6
  2557 | D:4      | Reached skill level 4 in Axes
  2728 | D:4      | Reached XP level 7. HP: 37/52 MP: 7/7
  2844 | D:4      | Reached skill level 5 in Axes
  2983 | D:4      | Found a sacrificial altar of Ru.
  3491 | D:5      | Entered Level 5 of the Dungeon
  3536 | D:5      | Found Palor's Magic Scroll Boutique.
  3590 | D:5      | Bought a scroll of remove curse for 39 gold pieces
  3590 | D:5      | Bought a scroll of identify for 26 gold pieces
  3590 | D:5      | Bought a scroll of magic mapping for 45 gold pieces
  3590 | D:5      | Bought a scroll of teleportation for 39 gold pieces
  3600 | D:5      | Noticed Grinder
  3606 | D:5      | Killed Grinder
  3686 | D:5      | Found an ancient bone altar of Kikubaaqudgha.
  3686 | D:5      | Found a snail-covered altar of Cheibriados.
  3740 | D:5      | Reached XP level 8. HP: 56/59 MP: 8/8
  3959 | D:5      | Found a blossoming altar of Fedhas.
  4078 | D:5      | Reached skill level 6 in Axes
  4129 | D:5      | Found Isucah's Antique Weapon Shoppe.
  4709 | D:6      | Found a staircase to the Ecumenical Temple.
  4727 | Temple   | Entered the Ecumenical Temple
  4801 | Temple   | Became a worshipper of Gozag Ym Sagoz the Greedy
  5001 | D:6      | Reached skill level 5 in Shields
  5076 | D:6      | Reached skill level 5 in Armour
  5290 | D:6      | Reached XP level 9. HP: 59/66 MP: 9/9
  5803 | D:7      | Reached skill level 5 in Fighting
  5803 | D:7      | Reached skill level 7 in Axes
  5875 | D:7      | Got a jewelled chain mail
  5886 | D:7      | Identified the +3 chain mail "Telatzum" {Str+2} (You found
                  | it on level 7 of the Dungeon)
  5889 | D:7      | Found Oczeujapn's Jewellery Boutique.
  6917 | D:8      | Noticed a two-headed ogre
  6930 | D:8      | Mangled by a two-headed ogre

Levels and vault maps discovered:
D:1:      scummos_arrival_gate, layout_rooms
D:2:      layout_rooms, tso_oasis_becter, corexii_corridor_pit
D:3:      layout_loops_ring, item_on_display_a, uniq_ijyb
D:4:      layout_basic, st_stairs_13, nicolae_ru_sacrificial_ziggurat
D:5:      layout_layer_cave, fedhas_altar_4, gammafunk_temple_overflow_statue,
          first_ration, serial_shops, shop, nicolae_shop_waterfront,
          minmay_starry_boxes, uniq_grinder
D:6:      layout_loops_corners, minmay_temple_entry_sparse_star
D:7:      layout_layer_cave, serial_shops, nicolae_shop_trees
D:8:      layout_cave_pods
Temple:   eino_temple_scatter_basement

Skill      XL: |  1  2  3  4  5  6  7  8  9 |
---------------+----------------------------+-----
Axes           | 2 3 4 5 6 7 |  7.5
Armour         | 3 4 5 |  5.7
Shields        | 3 4 5 |  5.7
Fighting       | 4 5 |  5.5

Action                   |  1- 3 |  4- 6 |  7- 9 || total
-------------------------+-------+-------+-------++-------
Melee: War axe           |   166 |   237 |   425 ||   828
Throw: Dart              |       |       |     5 ||     5
  Use: Scroll            |       |       |     4 ||     4
Armor: Scale mail        |    70 |       |       ||    70
       Chain mail        |    54 |   139 |   215 ||   408
Dodge: Dodged            |    77 |    51 |    93 ||   221
Block: Shield            |   120 |   132 |   195 ||   447
